 Dungeon Crawl Stone Soup version 0.23-a0-644-gb60d84b (webtiles) character file.

5134 Borgoz the Grappler (level 10, -4/80 HPs)
             Began as a Ghoul Gladiator on Jan 1, 2019.
             Was a Believer of Okawaru.
             Slain by a manticore (23 damage)
             ... on level 9 of the Dungeon.
             The game lasted 00:17:00 (6189 turns).

Borgoz the Grappler (Ghoul Gladiator)               Turns: 6189, Time: 00:17:00

Health: -4/80      AC:  7    Str: 29    XL:     10   Next: 58%
Magic:  9/9        EV: 14    Int:  3    God:    Okawaru [**....]
Gold:   463        SH:  0    Dex: 13    Spells: 9/9 levels left

rFire    . . .     SeeInvis .     - Unarmed
rCold    + . .     Gourm    .   (no shield)
rNeg     + + +     Faith    .   p - +0 ring mail (curse)
rPois    ∞         Spirit   .   b - +0 helmet
rElec    .         Reflect  .   (no cloak)
rCorr    .         Harm     .   (no gloves)
MR       .....                  (no boots)
Stlth    +.........             o - amulet of the acrobat
HPRegen  0.00/turn              l - ring of Jamayrch {Str+4 Slay+2}
MPRegen  0.11/turn              a - +6 ring of strength

@: rotting
A: rotting body, claws 1, carnivore, cold resistance 1, negative energy
resistance 3, inhibited regeneration, torment resistance, unbreathing
a: Heroism, Renounce Religion


You were on level 9 of the Dungeon.
You worshipped Okawaru.
Okawaru was pleased with you.
You were not hungry.

You visited 2 branches of the dungeon, and saw 10 of its levels.
You also visited: Sewer.

You collected 463 gold pieces.

Inventory:

Missiles
 c - 3 throwing nets (quivered)
Armour
 b - a +0 helmet (worn)
 p - a cursed +0 ring mail (worn)
 E - a +2 pair of boots
Jewellery
 a - a +6 ring of strength (right claw)
 l - the ring of Jamayrch (left claw) {Str+4 Slay+2}
   (You found it on level 4 of the Dungeon)

   [ring of strength]

   It affects your strength (+4).
   It affects your accuracy and damage with ranged weapons and melee attacks
   (+2).
 o - an amulet of the acrobat (around neck)
 z - an uncursed amulet of rage {unknown}
 C - an uncursed ring of wizardry {unknown}
 I - the amulet "Taomiap" {Acrobat rPois rF+ Dex+3, unknown}
   (You found it on level 9 of the Dungeon)

   [amulet of the acrobat]

   It helps you evade while moving and waiting.
   It affects your dexterity (+3).
   It protects you from fire.
   It protects you from poison.
Wands
 n - a wand of enslavement (22)
 G - a wand of digging (5)
 H - a wand of polymorph (5)
Scrolls
 f - 7 scrolls of teleportation
 h - 3 scrolls of enchant weapon {unknown}
 i - a scroll of immolation {unknown}
 j - 2 scrolls of noise {unknown}
 m - 7 scrolls of remove curse {unknown}
 q - a scroll of fear {unknown}
 r - 3 scrolls of amnesia {unknown}
 s - 4 scrolls of blinking {unknown}
 u - a scroll of acquirement {unknown}
 v - 2 scrolls of enchant armour {unknown}
 x - a scroll of fog {unknown}
 y - 3 scrolls of identify {unknown}
 A - a scroll of brand weapon {unknown}
Potions
 e - a potion of ambrosia {unknown}
 g - 2 potions of curing
 k - 2 potions of invisibility
 t - 3 potions of agility
 w - a potion of magic
 B - a potion of heal wounds
 F - a potion of might
Comestibles
 d - 6 rations
 D - 2 chunks of flesh


   Skills:
 + Level 4.5 Fighting
 - Level 1.7 Throwing
 + Level 6.2 Armour
 + Level 5.8 Dodging
 + Level 13.0 Unarmed Combat


You had 9 spell levels left.
You didn't know any spells.
Your spell library contained the following spells:

 Spells                   Type           Power        Failure   Level  Hunger
 Magic Dart               Conj           #...         63%         1    ##.....
 Searing Ray              Conj           #.....       77%         2    ###....
 Sticks to Snakes         Tmut           #.......     77%         2    ###....
 Dazzling Spray           Conj/Hex       #.....       94%         3    ####...
 Force Lance              Conj/Tloc      #.......     100%        4    #####..
 Fulminant Prism          Conj/Hex       #.........   100%        4    #####..
 Iskenderun's Mystic Bla  Conj           #.......     100%        4    #####..
 Beastly Appendage        Tmut           Unusable     N/A         1    N/A
 Spider Form              Tmut/Pois      Unusable     N/A         3    N/A
 Ice Form                 Ice/Tmut       Unusable     N/A         4    N/A
 Blade Hands              Tmut           Unusable     N/A         5    N/A

Dungeon Overview and Level Annotations

Branches:
Dungeon (9/15)             Temple (1/1) D:7
   Lair: D:8-11         Orc: D:9-12

Altars:
Ashenzari
Cheibriados
Dithmenos
Elyvilon
Fedhas
Gozag
Hepliaklqana
Kikubaaqudgha
Makhleb
Nemelex Xobeh
Okawaru
Qazlal
Ru
Sif Muna
Trog
Uskayaw
Vehumet
Wu Jian
Xom
Yredelemnul
Zin
The Shining One

Annotations:
D:9 Psyche


Innate Abilities, Weirdness & Mutations

Your body is rotting away.
You thrive on raw meat.
You are immune to poison.
You have sharp fingernails.
You are carnivorous and can eat meat at any time.
Your flesh is cold resistant. (rC+)
You are immune to negative energy. (rN+++)
You do not regenerate when monsters are visible.
You are immune to unholy pain and torment.
You can survive without breathing.


Message History

You eat one of the 4 chunks of flesh.
This raw flesh tastes great!
The manticore bites you. The manticore claws you. The manticore claws you!
Eat one of 3 chunks of flesh? (ye/n/q)
You eat one of the 3 chunks of flesh.
This raw flesh tastes great!
The manticore bites you!!
The manticore claws you but does no damage.
The manticore closely misses you.
You completely miss the manticore.
You scratch the manticore but do no damage.
You claw the manticore.
The manticore is lightly wounded.
The manticore misses you.
The manticore claws you but does no damage.
The manticore claws you!
* * * LOW HITPOINT WARNING * * *
You closely miss the manticore.
The manticore is lightly wounded.
You carefully extract the barbed spikes from your body.
The manticore bites you!!
You die...

##.).##
.........
##.....##
.........)
#...>...#
#....#.....
#.......# . .
#..##..
#.......#.#
#.... ##.
##.....##.#...##
## #...........#
#.....÷...#
###...@H..#....#
#..........###.#
#..........#
#..........# ..
#............#
..
#.............
#.
#...........###
#. ###########.#
## .# ..


You could see a manticore.

Vanquished Creatures
  Pikel (D:7)
  A troll (D:9)
  A hippogriff (D:8)
  A wyvern (D:9)
  Duvessa (D:7)
  2 sky beasts (D:6)
  A slave (D:7)
  3 ice beasts
  2 necrophages
  5 orc warriors
  An ogre (D:6)
  2 phantoms
  4 centaurs
  6 bullfrogs
  Dowan (D:7)
  5 scorpions
  3 crimson imps
  2 howler monkeys
  A bullfrog zombie (D:8)
  7 hounds
  2 jellies
  9 orc priests
  3 bullfrog skeletons
  5 iguanas
  6 worker ants
  Natasha (twice) (D:2)
  6 orc wizards
  A howler monkey zombie (D:6)
  6 gnolls
  11 adders
  10 oozes
  An adder zombie (D:7)
  An adder skeleton (D:7)
  2 worms
  3 dart slugs
  18 leopard geckos
  25 orcs
  15 ball pythons
  6 bats
  20 giant cockroaches
  4 goblins
  9 hobgoblins
  20 jackals
  7 kobolds
  3 quokkas
  10 frilled lizards
  A quokka skeleton (D:7)
  9 rats
265 creatures vanquished.

Vanquished Creatures (others)
  A quokka (D:7)
1 creature vanquished.

Grand Total: 266 creatures vanquished

Notes
Turn   | Place    | Note
-------+----------+-------------------------------------------
     0 | D:1      | Borgoz the Ghoul Gladiator began the quest for the Orb.
     0 | D:1      | Reached XP level 1. HP: 17/17 MP: 0/0
    86 | D:1      | Reached XP level 2. HP: 15/24 MP: 1/1
   410 | D:1      | Reached XP level 3. HP: 29/30 MP: 2/2
   414 | D:1      | Reached skill level 4 in Unarmed Combat
   874 | D:2      | Reached XP level 4. HP: 26/37 MP: 3/3
   996 | D:2      | Reached skill level 1 in Armour
  1179 | D:2      | Noticed Natasha
  1185 | D:2      | Killed Natasha
  1185 | D:2      | Reached XP level 5. HP: 41/42 MP: 4/4
  1268 | D:2      | Noticed Natasha
  1273 | D:2      | Killed Natasha
  1273 | D:2      | Reached skill level 5 in Unarmed Combat
  1319 | D:2      | Found a bloodstained altar of Trog.
  1448 | D:3      | Found a glowing drain.
  1535 | Sewer    | Entered a sewer
  1708 | Sewer    | Reached XP level 6. HP: 41/50 MP: 5/5
  1942 | Sewer    | Reached skill level 6 in Unarmed Combat
  2005 | Sewer    | Reached XP level 7. HP: 14/56 MP: 6/6
  2251 | D:3      | Found a glowing golden altar of the Shining One.
  2846 | D:4      | Reached skill level 7 in Unarmed Combat
  2971 | D:4      | Got a faintly glowing turquoise ring
  3081 | D:4      | Identified the ring of Jamayrch {Str+4 Slay+2} (You found
                  | it on level 4 of the Dungeon)
  3216 | D:5      | Entered Level 5 of the Dungeon
  3237 | D:5      | Reached XP level 8. HP: 62/63 MP: 7/7
  3340 | D:5      | Reached skill level 8 in Unarmed Combat
  3465 | D:5      | Found a snail-covered altar of Cheibriados.
  3831 | D:6      | Reached skill level 9 in Unarmed Combat
  4298 | D:6      | Reached skill level 5 in Dodging
  4298 | D:6      | Reached XP level 9. HP: 65/68 MP: 8/8
  4387 | D:6      | Reached skill level 10 in Unarmed Combat
  4531 | D:7      | Reached skill level 5 in Armour
  4639 | D:7      | Noticed Dowan
  4640 | D:7      | Noticed Duvessa
  4644 | D:7      | Killed Dowan
  4656 | D:7      | Killed Duvessa
  4687 | D:7      | Found a staircase to the Ecumenical Temple.
  4701 | D:7      | Noticed Pikel
  4702 | Temple   | Entered the Ecumenical Temple
  4866 | Temple   | Became a worshipper of Warmaster Okawaru
  4904 | D:7      | Killed Pikel
  4904 | D:7      | Reached skill level 11 in Unarmed Combat
  5174 | D:7      | Reached * piety under Okawaru
  5263 | D:7      | Found a radiant altar of Vehumet.
  5263 | D:7      | Found a sacrificial altar of Ru.
  5264 | D:7      | Found a blossoming altar of Fedhas.
  5485 | D:8      | Reached XP level 10. HP: 76/79 MP: 9/9
  5677 | D:8      | Reached skill level 12 in Unarmed Combat
  5959 | D:8      | Found a sparkling altar of Nemelex Xobeh.
  5995 | D:9      | Reached ** piety under Okawaru
  6032 | D:9      | Identified the +1 long sword of Zusaurch {venom, Str-2
                  | Int+3 Dex+8}
  6140 | D:9      | Noticed a manticore
  6145 | D:9      | Noticed Psyche
  6167 | D:9      | Got a scorched golden amulet
  6172 | D:9      | Reached skill level 13 in Unarmed Combat
  6189 | D:9      | Slain by a manticore

Vault maps used:
D:1:      minmay_arrival_split_and_join
D:2:      nicolae_overflow_hidden_temple, uniq_natasha
D:3:      cheibrodos_sewer_entry_sluice, serial_rivers,
          chequers_serial_rivers_marsh, chequers_serial_rivers_micro_a,
          chequers_serial_rivers_micro_c, chequers_serial_rivers_micro_e,
          chequers_serial_rivers_small_b, nicolae_tso_swordbearing_angel
D:4:      first_ration, kennysheep_another_room
D:5:      kennysheep_slug_shrine
D:6:      hangedman_decor_slide_cut
D:7:      minmay_s_stair_smasher, chequers_temple_overflow_statue_of_worship,
          minmay_temple_entry_junction, uniq_pikel, uniq_duvessa
D:8:      kennysheep_mini
D:9:      minmay_cornered_nines, biasface_ghost_orc_armoury, uniq_psyche
Temple:   bh_familiar_temple
Sewer:    sewer_frog_island_02

Skill      XL: |  1  2  3  4  5  6  7  8  9 10 |
---------------+-------------------------------+-----
Dodging        | 3 4 5 |  5.8
Unarmed Combat | 4 5 6 7 9 11 13 | 13.0
Armour         | 1 2 3 4 5 6 |  6.2
Fighting       | 3 4 |  4.5
Throwing       | |  1.7

Action                   |  1- 3 |  4- 6 |  7- 9 | 10-12 || total
-------------------------+-------+-------+-------+-------++-------
Melee: Unarmed           |   120 |   294 |   424 |   112 ||   950
       Punch             |     1 |     7 |    22 |     9 ||    39
Invok: Heroism           |       |       |       |     1 ||     1
  Use: Potion            |       |       |    10 |       ||    10
       Scroll            |       |       |     1 |     1 ||     2
  Eat: Chunk             |     5 |    14 |    42 |    34 ||    95
Armor: Leather armour    |    35 |     6 |       |       ||    41
       Ring mail         |       |   128 |    92 |    26 ||   246
Dodge: Dodged            |    87 |   267 |   243 |   114 ||   711

Table legend:
 A = Non-vault XP
 B = Vault XP
 C = Vault XP percentage of total XP
 D = Non-vault monster count
 E = Vault monster count
 F = Vault count percentage of total count
                 A         B        C        D         E       F
            +---------+---------+-------+---------+---------+-------
      Total |    5550 |    1785 |  24.3 |     184 |      80 |  30.3
            +---------+---------+-------+---------+---------+-------
        D:1 |      48 |       0 |   0.0 |      25 |       0 |   0.0
        D:2 |     137 |      35 |  20.3 |      19 |       1 |   5.0
        D:3 |      93 |       8 |   7.9 |      28 |       3 |   9.7
        D:4 |     433 |       0 |   0.0 |      21 |       0 |   0.0
        D:5 |     271 |       4 |   1.5 |       8 |       1 |  11.1
        D:6 |    1290 |     245 |  16.0 |      17 |       3 |  15.0
        D:7 |     909 |    1098 |  54.7 |      37 |      13 |  26.0
        D:8 |    1019 |       0 |   0.0 |      15 |       0 |   0.0
        D:9 |    1350 |       0 |   0.0 |      14 |       0 |   0.0
      Sewer |       0 |     395 | 100.0 |       0 |      59 | 100.0
            +---------+---------+-------+---------+---------+-------
